 Dungeon Crawl Stone Soup version 0.31-a0-175-g9f7f995f2b (webtiles) character file.

Game seed: 18430318512821893072

45520 Zonian the Warrior (level 14, 0/93 HPs)
             Began as a Vine Stalker Gladiator on June 17, 2023.
             Was an Elder of Ashenzari.
             Shot with an arrow by Nessos (10 damage)
             ... on level 5 of the Lair of Beasts.
             The game lasted 00:44:37 (13889 turns).

Zonian the Warrior (Vine Stalker Gladiator)        Turns: 13889, Time: 00:44:38

Health: 0/93       AC: 14    Str: 25    XL:     14   Next: 33%
Magic:  0/15       EV: 17    Int:  8    God:    Ashenzari [****..]
Gold:   500        SH:  0    Dex: 22    Spells: 12/14 levels left

rFire   + . .        q - +6 trident "Kabb" {heavy, Dex+6}
rCold   + . .        (no shield)
rNeg    . . .        B - +3 ring mail of the Chained Comet {Str+3 Stlth+, Self, Elem} (curse)
rPois   +            a - +2 hat of the Elysian God {rPois rF+, Alch, Cun} (curse)
rElec   .            u - +0 cloak of the Fated Sybil {Self, Comp} (curse)
rCorr   +            j - +2 pair of gloves "Shackled Ordeal" {Fort, Elem} (curse)
SInv    +            (no boots)
Will    ++...        J - amulet of Supernal Understanding {Regen+ rCorr, Melee, Self} (curse)
Stlth   +++++        p - ring of the Eye in the Sky {rC+, Elem, Cun} (curse)
HPRegen 1.95/turn    D - ring "Behold Eternity" {Will+, Elem, Evo} (curse)
MPRegen 0.14/turn

%: clarity, guardian spirit
@: hasted, studying Unarmed Combat, very quick
A: fangs 3, regeneration 1, magic shield, antimagic bite, no potion heal 2
a: Renounce Religion, Shatter the Chains


You were on level 5 of the Lair of Beasts.
You worshipped Ashenzari.
Ashenzari was greatly pleased with you.
You visited 3 branches of the dungeon, and saw 15 of its levels.
You also visited: Bailey and Gauntlet.

You collected 800 gold pieces.
You spent 300 gold pieces at shops.

Inventory:

Hand Weapons
 q - the +6 trident "Kabb" (weapon) {heavy, Dex+6}
   (You found it on level 2 of the Dungeon)

   Dex:       It affects your dexterity (+6).
 H - a +2 scimitar of flaming
Missiles
 d - 5 javelins
 e - 35 poisoned darts
 l - 28 boomerangs (quivered)
 Q - 4 silver boomerangs
Armour
 a - the cursed +2 hat of the Elysian God (worn) {rPois rF+, Alch, Cun}
   (You found it in a Gauntlet)

   rF:        It protects you from fire.
   rPois:     It protects you from poison.
   It has a curse which improves the following skills: Alchemy: Poison Magic and
   Transmutations.
   Cunning:   Dodging and Stealth.
 b - the +0 pair of gloves "Nykacwebu" {Str+6 Stlth+}
   (You found it in a Gauntlet)

   Str:       It affects your strength (+6).
   Stlth:     It makes you more stealthy.
 g - a +2 troll leather armour {Snorg}
 j - the cursed +2 pair of gloves "Shackled Ordeal" (worn) {Fort, Elem}
   (You found it on level 3 of the Lair of Beasts)

   It has a curse which improves the following skills: Fortitude: Armour and
   Shields.
   Elements:  Fire Magic, Ice Magic, Air Magic and Earth Magic.
 u - the cursed +0 cloak of the Fated Sybil (worn) {Self, Comp}
   (You found it on level 4 of the Dungeon)

   It has a curse which improves the following skills: Introspection: Fighting
   and Spellcasting.
   Companions: Summonings and Necromancy.
 x - a +2 crystal plate armour
 B - the cursed +3 ring mail of the Chained Comet (worn) {Str+3 Stlth+, Self, Elem}
   (You bought it in a shop on level 6 of the Dungeon)

   Str:       It affects your strength (+3).
   Stlth:     It makes you more stealthy.
   It has a curse which improves the following skills: Introspection: Fighting
   and Spellcasting.
   Elements:  Fire Magic, Ice Magic, Air Magic and Earth Magic.
 G - a +0 kite shield
 P - the +4 ring mail of Disguise {Stlth+}
   (You found it on level 9 of the Dungeon)

   Stlth:     It makes you more stealthy.
Jewellery
 p - the cursed ring of the Eye in the Sky (left hand) {rC+, Elem, Cun}
   (You found it on level 2 of the Dungeon)

   [ring of protection from cold]

   rC:        It protects you from cold.
   It has a curse which improves the following skills: Elements: Fire Magic, Ice
   Magic, Air Magic and Earth Magic.
   Cunning:   Dodging and Stealth.
 r - an amulet of regeneration
 C - a ring of fire
 D - the cursed ring "Behold Eternity" (right hand) {Will+, Elem, Evo}
   (You found it in a bailey)

   [ring of willpower]

   Will:      It increases your willpower.
   It has a curse which improves the following skills: Elements: Fire Magic, Ice
   Magic, Air Magic and Earth Magic.
   Evocations: Evocations.
 J - the cursed amulet of Supernal Understanding (around neck) {Regen+ rCorr, Melee, Self}
   (You acquired it on level 8 of the Dungeon)

   [amulet of regeneration]

   Regen:     It increases your rate of health regeneration.
   rCorr:     It protects you from acid and corrosion.
   It has a curse which improves the following skills: Melee Combat: Short
   Blades, Long Blades, Axes, Maces & Flails, Polearms, Staves and Unarmed
   Combat.
   Introspection: Fighting and Spellcasting.
 U - a ring of protection from fire
Wands
 F - a wand of mindburst (16)
 N - a wand of digging (6)
 V - a wand of charming (2)
Scrolls
 f - a scroll of noise
 k - a scroll of fog
 m - 6 scrolls of teleportation
 n - 3 scrolls of poison
 s - a scroll of amnesia
 v - 5 scrolls of enchant weapon
 w - a scroll of brand weapon
 y - a scroll of blinking
 z - a scroll of revelation
 I - a scroll of torment
 K - a scroll of fear
 O - 3 scrolls of silence
Potions
 h - 6 potions of degeneration
 i - 3 potions of mutation
 o - 2 potions of lignification
 t - 2 potions of invisibility
 A - a potion of cancellation
 E - 5 potions of magic
 L - 2 potions of might
 R - 2 potions of ambrosia
 S - 4 potions of enlightenment
Miscellaneous
 T - a phial of floods


   Skills:
 + Level 16.0(19.4) Fighting
 - Level 13.0(14.7) Polearms
 - Level 2.3 Throwing
 - Level 5.9(8.6) Dodging
 - Level 6.1(8.8) Stealth
 - Level 4.1(5.9) Unarmed Combat
 - Level 4.0 Translocations
 - Level 2.5(4.0) Evocations


You had 12 spell levels left.
You knew the following spells:

 Your Spells              Type           Power      Damage    Failure   Level
a - Blink                 Tloc           12%        N/A       19%         2

Your spell library contained the following spells:

 Spells                   Type           Power      Damage    Failure   Level
 Lesser Beckoning         Tloc           12%        N/A       19%         2
 Momentum Strike          Conj/Tloc      6%         3d8       41%         2
 Beastly Appendage        Tmut           0%         N/A       52%         1
 Necrotise                Necr           0%         1d4       52%         1
 Magic Dart               Conj           0%         1d3       54%         1
 Passwall                 Tmut/Erth      0%         N/A       63%         2
 Call Imp                 Summ           0%         N/A       65%         2
 Ensorcelled Hibernation  Hex/Ice        0%         N/A       65%         2
 Wereblood                Tmut           0%         N/A       65%         2
 Searing Ray              Conj           0%         2d4       69%         2
 Frozen Ramparts          Ice            2%         1d1       83%         3
 Swiftness                Air            1%         N/A       83%         3
 Hailstorm                Conj/Ice       0%         3d3       86%         3
 Ignite Poison            Fire/Tmut/Pois 0%         N/A       86%         3
 Mephitic Cloud           Conj/Pois/Air  0%         N/A       87%         3
 Spider Form              Tmut/Pois      0%         N/A       87%         3
 Vampiric Draining        Necr           0%         2d6       87%         3
 Ice Form                 Ice/Tmut       0%         N/A       99%         4
 Sticky Flame             Conj/Fire      0%         2d3       99%         4
 Summon Ice Beast         Ice/Summ       0%         N/A       99%         4
 Fulminant Prism          Conj/Hex       0%         3d5       100%        4
 Agony                    Necr           0%         N/A       100%        5
 Alistair's Intoxication  Tmut/Pois      0%         N/A       100%        5
 Blade Hands              Tmut           0%         N/A       100%        5
 Borgnjor's Vile Clutch   Necr/Erth      0%         N/A       100%        5
 Irradiate                Conj/Tmut      0%         3d11      100%        5
 Eringya's Noxious Bog    Tmut/Pois      0%         N/A       100%        6
 Simulacrum               Ice/Necr       0%         N/A       100%        6
 Dragon Form              Tmut           0%         N/A       100%        7
 Ignition                 Fire           0%         3d3       100%        8


Dungeon Overview and Level Annotations

Branches:
Dungeon (9/15)             Temple (1/1) D:7            Lair (5/5) D:9
  Swamp (0/4) Lair:2        Snake (0/4) Lair:2       Bailey (visited)
Gauntlet (visited)
  Slime: Lair:4-5       Orc: D:9-12

Altars:
Ashenzari
Cheibriados
Elyvilon
Fedhas
Gozag
Hepliaklqana
Kikubaaqudgha
Makhleb
Nemelex Xobeh
Okawaru
Qazlal
Sif Muna
Trog
Vehumet
Wu Jian
Yredelemnul
Zin

Shops:
D:6 [?([[

Annotations:
D:6 3 runed translucent doors, AwFulAwFulPlayer's ghost, novice DgHu
Lair:5 exclusion: oklob plant, Nessos


Innate Abilities, Weirdness & Mutations

You have razor-sharp teeth.
Your natural rate of healing is unusually fast.
When hurt, damage is shared between your health and your magic reserves.
Your bite disrupts and absorbs the magic of your enemies.
Potions cannot restore your health.


Message History

* * * LOW HITPOINT WARNING * * *
The arrow burns you.
* * * LOW HITPOINT WARNING * * *
Nessos intently looks at you, slowly moving their tail.
Nessos shoots an arrow.
The arrow closely misses you.
Okay, then.
Blink to where?
Press: ? - help, Dir - move target, p - Nessos
As you read the scroll of blinking, it crumbles to dust.
You feel sick.
You feel sick.
You feel sick.
You feel sick.
You feel sick. Magic courses through your body.
You feel sick.
You start resting.
You feel sick. x2
Nessos is nearby!
Nessos is nearby!
Unknown command.
Aiming: Mindburst
Press: ? - help, Shift-Dir - straight line, f - Nessos
Aim: Nessos, wielding a +3 longbow of flaming and wearing a +1 barding (fast, chance to affect: 79%) Nessos's mind is blasted!
You feel sick.
Nessos shoots an arrow.
The arrow barely misses you.
Aiming: Mindburst
Press: ? - help, Shift-Dir - straight line, f/p - Nessos
Aim: Nessos, wielding a +3 longbow of flaming and wearing a +1 barding (moderately wounded, fast, chance to affect: 79%) Nessos's mind is blasted!
Nessos shoots an arrow.
The arrow hits you!!
* * * LOW HITPOINT WARNING * * *
Okay, then.
Aiming: Mindburst
Press: ? - help, Shift-Dir - straight line, f/p - Nessos
Aim: Nessos, wielding a +3 longbow of flaming and wearing a +1 barding (heavily wounded, fast, chance to affect: 79%) Nessos's mind is blasted!!
You feel sick.
You are no longer poisoned.
Nessos is no longer moving quickly.
Nessos shoots an arrow.
The arrow completely misses you.
Nessos shoots an arrow.
The arrow hits you!
You die...

....................##
PP..).†...P.........##
......†..PPP.........#
#.....#...##.........##
#.........####..##....#
##P.......## ###.#c.###
*###.......## ##..## ∆
*##.†...#.## ##.##
∆∆*#......#..# #@#.# ∆∆
##.......## ##### ∆
#.<...†#.# * #.......##
#......P.# #..........#
#..........#
#......#.### #........#


You could see Nessos.

Vanquished Creatures
  A minotaur (Gauntlet)
  Snorg (Lair:3)
  Josephine (Lair:2)
  6 hydras
  Erica (D:8)
  A two-headed ogre (D:9)
  2 boulder beetles (Lair:5)
  Sonja (Lair:4)
  An obsidian statue (Gauntlet)
  An orc knight (Bailey)
  A cyclops (D:7)
  9 elephants
  3 black mambas
  13 cane toads
  Maggie (D:6)
  3 rime drakes
  A komodo dragon (D:9)
  A hornet (Lair:3)
  2 polar bears (Lair:3)
  11 blink frogs
  3 wraiths (Lair:3)
  7 wyverns
  A fire bat (Gauntlet)
  42 yaks
  A steam dragon (D:8)
  3 basilisks
  Grum (Lair:1)
  2 swamp worms (Gauntlet)
  4 nagas (Lair:2)
  4 vampire mosquitoes (Lair:2)
  2 acid dragons
  12 water moccasins
  Duvessa (D:6)
  8 orc warriors
  3 ice beasts
  2 black bears
  A sky beast (D:7)
  5 ogres (D:7)
  10 wolves
  A centaur (D:8)
  6 kobold brigands
  A gnoll sergeant (D:7)
  4 scorpions
  9 bullfrogs
  5 jellies
  3 wights (D:9)
  Dowan (D:6)
  A killer bee (D:8)
  5 howler monkeys
  4 gnoll boudas
  17 hounds
  10 orc priests
  An iguana (D:5)
  3 iron imps (D:3)
  Jessica (D:3)
  Natasha (thrice) (D:2)
  Terence (D:3)
  11 orc wizards
  16 gnolls
  7 adders
  A shadow imp (D:6)
  2 white imps
  2 worms
  3 dart slugs
  40 orcs
  7 ball pythons
  6 endoplasms
  A giant cockroach (D:2)
  12 goblins
  9 hobgoblins
  2 jackals (D:2)
  2 quokkas (D:3)
  6 bats
  5 frilled lizards
  41 kobolds
  6 rats
  A spectral hobgoblin (D:7)
429 creatures vanquished.

Vanquished Creatures (others)
  An orc wizard (D:6)
1 creature vanquished.

Grand Total: 430 creatures vanquished

Notes
Turn   | Place    | Note
-------+----------+-------------------------------------------
     0 | D:1      | Zonian the Vine Stalker Gladiator began the quest for the
                  | Orb.
     0 | D:1      | Reached XP level 1. HP: 11/11 MP: 2/2
   184 | D:1      | Reached XP level 2. HP: 10/15 MP: 1/3
   245 | D:1      | Reached skill level 2 in Fighting
   691 | D:2      | Reached XP level 3. HP: 18/18 MP: 4/4
   724 | D:2      | Noticed Natasha
   730 | D:2      | Killed Natasha
   782 | D:2      | Gained mutation: Your natural rate of healing is unusually
                  | fast. [Vine Stalker growth]
   782 | D:2      | Reached XP level 4. HP: 18/23 MP: 3/5
   979 | D:2      | Found a stormy altar of Qazlal.
  1001 | D:2      | Noticed Natasha
  1011 | D:2      | Killed Natasha
  1061 | D:2      | Identified the +6 trident "Kabb" {heavy, Dex+6}
  1102 | D:2      | Noticed Natasha
  1109 | D:2      | Killed Natasha
  1110 | D:2      | Reached skill level 3 in Fighting
  1110 | D:2      | Reached XP level 5. HP: 26/28 MP: 2/6
  1190 | D:3      | Noticed Jessica
  1198 | D:3      | Killed Jessica
  1199 | D:3      | Reached skill level 1 in Polearms
  1238 | D:3      | Noticed Terence
  1244 | D:3      | Killed Terence
  1245 | D:3      | Reached XP level 6. HP: 33/33 MP: 7/7
  1454 | D:3      | Reached skill level 4 in Fighting
  1625 | D:3      | Found a burning altar of Makhleb.
  1645 | D:3      | Reached XP level 7. HP: 28/38 MP: 5/8
  1897 | D:4      | Found a stormy altar of Qazlal.
  2653 | D:5      | Entered Level 5 of the Dungeon
  2816 | D:5      | Reached skill level 5 in Fighting
  3522 | D:5      | Gained mutation: You have razor-sharp teeth. [Vine Stalker
                  | growth]
  3522 | D:5      | Reached XP level 8. HP: 44/44 MP: 7/9
  3622 | D:5      | Found a white marble altar of Elyvilon.
  3728 | D:5      | Reached skill level 6 in Fighting
  3787 | D:6      | Found Puiv Huc's Antique Armour Emporium.
  3836 | D:6      | Reached skill level 5 in Polearms
  3854 | D:6      | Found a runed translucent gate.
  3854 | D:6      | Found a runed translucent gate.
  3854 | D:6      | Noticed AwFulAwFulPlayer's ghost (novice DgHu)
  3855 | D:6      | Found a runed translucent gate.
  3855 | D:6      | Noticed a kobold demonologist
  4204 | D:6      | Found Salauwn's Antique Armour Boutique.
  4234 | D:6      | Noticed Dowan
  4311 | D:6      | Noticed Duvessa
  4316 | D:6      | Killed Duvessa
  4318 | D:6      | Killed Dowan
  4369 | D:6      | Found Biozajif's Weapon Boutique.
  4377 | D:6      | Reached skill level 7 in Fighting
  4564 | D:6      | Found Gesapir's Magic Scroll Shoppe.
  4569 | D:6      | Bought a scroll of teleportation for 33 gold pieces
  4569 | D:6      | Bought a scroll of teleportation for 33 gold pieces
  4579 | D:6      | Noticed Maggie
  4585 | D:6      | Killed Maggie
  4586 | D:6      | Reached XP level 9. HP: 26/50 MP: 4/10
  4767 | D:6      | Found Rurir's Armour Emporium.
  5007 | D:7      | Found a staircase to the Ecumenical Temple.
  5071 | D:7      | Reached skill level 8 in Fighting
  5104 | Temple   | Entered the Ecumenical Temple
  5113 | Temple   | Became a worshipper of Ashenzari the Shackled
  5241 | D:7      | Found a basalt altar of Yredelemnul.
  5266 | D:7      | Found a hazy altar of Hepliaklqana.
  5338 | D:7      | Found an iron altar of Okawaru.
  5586 | D:7      | Noticed a cyclops
  5633 | D:7      | Reached skill level 9 in Fighting
  5783 | D:7      | Reached XP level 10. HP: 58/58 MP: 11/11
  5886 | D:7      | Found a snail-covered altar of Cheibriados.
  6463 | D:6      | Bought a smelly ring mail for 234 gold pieces
  6463 | D:6      | Identified the +3 ring mail "Xailalia" {Str+3 Stlth+} (You
                  | bought it in a shop on level 6 of the Dungeon)
  6715 | D:7      | Killed a cyclops
  6905 | D:8      | Noticed Erica
  6909 | D:8      | Killed Erica
  6910 | D:8      | Reached skill level 10 in Fighting
  7035 | D:8      | Found a flagged portal.
  7053 | D:8      | Reached skill level 10 in Polearms
  7087 | Bailey   | Entered a bailey
  7095 | Bailey   | Noticed an orc warlord
  7221 | Bailey   | Reached XP level 11. HP: 61/64 MP: 9/12
  7238 | Bailey   | Found a runed translucent gate.
  7253 | Bailey   | Found a runed translucent gate.
  7255 | Bailey   | Found a runed translucent gate.
  7314 | Bailey   | Noticed an orc knight
  7328 | Bailey   | Killed an orc knight
  7465 | D:8      | Reached skill level 12 in Fighting
  7465 | D:8      | Reached XP level 12. HP: 71/71 MP: 13/13
  7470 | D:8      | Found an opulent altar of Gozag.
  7471 | D:8      | Found an opulent altar of Gozag.
  7471 | D:8      | Found an opulent altar of Gozag.
  7476 | D:8      | Found an opulent altar of Gozag.
  7571 | D:8      | Reached * piety under Ashenzari
  7571 | D:8      | Identified a scroll of acquirement
  7572 | D:8      | Acquired the amulet "Xuasmur" {Regen+ rCorr}
  7850 | D:9      | Identified the +4 ring mail of Disguise {Stlth+}
  7890 | D:9      | Found a bloodstained altar of Trog.
  8030 | D:9      | Noticed a two-headed ogre
  8039 | D:9      | Killed a two-headed ogre
  8073 | D:9      | Found a staircase to the Lair.
  8156 | D:9      | Identified the +3 ring mail of Osaderam {+Blink rC+ Str+2}
  8436 | D:9      | Reached ** piety under Ashenzari
  8441 | D:9      | Found a sparkling altar of Nemelex Xobeh.
  8545 | D:9      | Found a glowing silver altar of Zin.
  8583 | Lair:1   | Entered Level 1 of the Lair of Beasts
  8834 | Lair:1   | Reached skill level 13 in Fighting
  9291 | Lair:1   | Reached skill level 1 in Stealth
  9296 | Lair:1   | Noticed Grum
  9311 | Lair:1   | Killed Grum
  9406 | Lair:1   | Acquired a manual of Unarmed Combat
  9672 | Lair:2   | Found a staircase to the Swamp.
  9701 | Lair:2   | Noticed a six-headed hydra
  9705 | Lair:2   | Reached XP level 13. HP: 72/81 MP: 11/14
  9924 | Lair:2   | Reached skill level 14 in Fighting
 10153 | Lair:2   | Learned a level 2 spell: Blink
 10217 | Lair:2   | Reached skill level 5 in Stealth
 10439 | Lair:2   | Reached *** piety under Ashenzari
 10477 | Lair:2   | Found a staircase to the Snake Pit.
 10737 | Lair:3   | Reached skill level 1 in Translocations
 10780 | Lair:3   | Noticed Snorg
 11116 | Lair:3   | Reached skill level 5 in Dodging
 11195 | Lair:3   | Reached **** piety under Ashenzari
 11222 | Lair:3   | Noticed Josephine
 11351 | Lair:3   | Killed Snorg
 11546 | Lair:2   | Killed Josephine
 11548 | Lair:2   | HP: 4/85 [five-headed hydra (5)]
 11792 | Lair:3   | Paralysed by a hornet for 3 turns
 12375 | Lair:4   | Found a gate leading to a gauntlet.
 12395 | Gauntlet | Entered a Gauntlet
 12395 | Gauntlet | Found a transporter.
 12406 | Gauntlet | Found a transporter.
 12442 | Gauntlet | Found a transporter.
 12442 | Gauntlet | Identified the +2 hat of the Five Xeniums {rPois rF+}
 12490 | Gauntlet | Found a transporter.
 12495 | Gauntlet | Found a transporter.
 12495 | Gauntlet | Found a transporter.
 12499 | Gauntlet | Found a transporter.
 12650 | Gauntlet | Found a transporter.
 12717 | Gauntlet | Found a transporter.
 12725 | Gauntlet | Identified the +0 pair of gloves "Nykacwebu" {Str+6 Stlth+}
 12725 | Gauntlet | Found a transporter.
 12747 | Gauntlet | Identified the ring "Exeepoq" {Fly rC+ Int+3}
 12747 | Gauntlet | Found a transporter.
 12753 | Gauntlet | Noticed a minotaur
 12754 | Gauntlet | Identified the Almanac of the Coruscating Valley
 12787 | Gauntlet | Killed a minotaur
 12906 | Gauntlet | Found a transporter.
 13024 | Lair:4   | Reached skill level 15 in Fighting
 13049 | Lair:4   | Noticed Sonja
 13070 | Lair:4   | Killed Sonja
 13071 | Lair:4   | Reached XP level 14. HP: 68/91 MP: 11/15
 13275 | Lair:4   | Reached skill level 1 in Evocations
 13546 | Lair:5   | Entered Level 5 of the Lair of Beasts
 13850 | Lair:5   | Reached skill level 16 in Fighting
 13850 | Lair:5   | Noticed Nessos
 13889 | Lair:5   | Shot with an arrow by Nessos

Illustrated notes

Levels and vault maps discovered:
D:1:      dpeg_arrival_connections, layout_loops_ring
D:2:      layout_rooms, basic_altar, uniq_natasha
D:3:      layout_basic, demons_altar, uniq_jessica, uniq_terence
D:4:      layout_gridville, mainiacjoe_overflow_concentric_impassable,
          uniq_crazy_yiuf_cottage
D:5:      kennysheep_kobold_camp, layout_loops_ring,
          mainiacjoe_overflow_alcove_2
D:6:      layout_loops_corners, gammafunk_ghost_nasty_kobolds, serial_shops,
          shop_fountains, shop, shop, nicolae_shop_peninsula, shop,
          uniq_duvessa, uniq_maggie
D:7:      lemuel_castle_with_subvaults [lemuel_castle_interior_carwin_3],
          layout_basic, mainiacjoe_overflow_paths, okawaru_gym_becter,
          old_standard_altar, nicolae_hepliaklqana_monster_ancestors,
          minmay_temple_entry_slanted
D:8:      layout_basic, nicolae_gozag_conspicuous_consumption, enter_bailey_5,
          kennysheep_generic_room_11, uniq_erica
D:9:      layout_roguey, zin_statuary, lemuel_coloured_pillars_altar,
          mainiacjoe_overflow_brackets, david_lair_shrubbed
Temple:   nicolae_temple_ecumenical_triangle
Lair:1:   layout_chaotic_city, chequers_serial_rivers_small_3,
          beast_lair_carwin_11, uniq_grum
Lair:2:   layout_gridlike, minmay_swamp_entry_swarm,
          minmay_snake_entry_guardpost_large, infiniplex_staircase_pool_2
Lair:3:   layout_regular_city, patterned_corridor, grunt_megastairs_4,
          serial_bayou_shore_b, uniq_snorg, uniq_josephine
Lair:4:   layout_loops_ring, gauntlet_entry_generic, lemuel_fruit_tree,
          uniq_sonja
Lair:5:   hangedman_lair_tendril_chambers, layout_hall_layers, wormcave,
          minmay_slime_entry_oklob_open, serial_bayou_pond_a,
          lemuel_fruit_fields, uniq_nessos

Skill      XL: |  1  2  3  4  5  6  7  8  9 10 11 12 13 14 |
---------------+-------------------------------------------+-----
Fighting       | 2 3 4 5 7 9 10 12 13 15 16 | 16.0
Throwing       | 2 |  2.3
Unarmed Combat | 4 |  4.1
Polearms       | 1 2 4 6 8 10 11 13 | 13.0
Dodging        | 3 5 |  5.9
Stealth        | 2 6 |  6.1
Translocations | 4 |  4.0
Evocations     | 2 |  2.5

Action                     |  1- 3 |  4- 6 |  7- 9 | 10-12 | 13-15 || total
---------------------------+-------+-------+-------+-------+-------++-------
  Melee: Unarmed           |    80 |    36 |       |       |       ||   116
         Bite              |    19 |    23 |    51 |    97 |   113 ||   303
         Trident           |       |    60 |   211 |   362 |   340 ||   973
         Punch             |       |       |     3 |    13 |    17 ||    33
  Throw: Dart              |       |       |     2 |     8 |       ||    10
         Throwing net      |       |       |     2 |     2 |     3 ||     7
         Boomerang         |       |       |       |     4 |     6 ||    10
         Javelin           |       |       |       |     2 |     1 ||     3
 Invoke: Curse Item        |       |       |       |     4 |     4 ||     8
         Shatter the Chain |       |       |       |       |     1 ||     1
  Evoke: Wand              |       |       |       |       |     4 ||     4
    Use: Scroll            |       |       |     8 |     7 |    11 ||    26
         Potion            |       |       |     2 |     3 |     5 ||    10
   Stab: Sleeping          |     2 |     2 |     3 |     4 |     8 ||    19
         Held in net/web   |       |       |     3 |       |       ||     3
         Distracted        |       |       |       |     4 |     4 ||     8
 Armour: Leather armour    |    22 |    28 |    69 |    13 |       ||   132
         Ring mail         |       |       |       |    67 |   107 ||   174
  Dodge: Dodged            |    58 |    56 |   146 |   227 |   260 ||   747

Table legend: (Time is in decaauts)
 A = Elapsed time spent in this place.
 B = Non-inter-level travel time spent in this place.
 C = Inter-level travel time spent in this place.
 D = Time resting spent in this place.
 E = Time spent auto-exploring this place.
 F = Levels seen in this place.
 G = Mean time per level.
                   A        B        C        D        E       F      G
               +--------+--------+--------+--------+--------+-----+--------+
         Total |  14057 |  13550 |    507 |   2717 |   7058 |  17 |  826.9 |
       Dungeon |   8366 |   8056 |    310 |   1322 |   4787 |   9 |  929.6 |
        Temple |     18 |      9 |      9 |      0 |      0 |   1 |   18.0 |
          Lair |   4757 |   4569 |    188 |   1179 |   2247 |   5 |  951.4 |
        Bailey |    385 |    385 |      0 |     20 |      0 |   1 |  385.0 |
      Gauntlet |    528 |    528 |      0 |    196 |     23 |   1 |  528.0 |
               +--------+--------+--------+--------+--------+-----+--------+

Top non-repeatable levels by time:
     D:7: 1861 daAuts
  Lair:2: 1564 daAuts
     D:6: 1357 daAuts
     D:5: 1146 daAuts
  Lair:3: 1107 daAuts
  Lair:1: 1069 daAuts
     D:4: 880 daAuts
  Lair:4: 846 daAuts
     D:9: 783 daAuts
     D:1: 638 daAuts
     D:3: 635 daAuts
     D:2: 547 daAuts
Gauntlet: 528 daAuts
     D:8: 516 daAuts
  Bailey: 385 daAuts
